 Dungeon Crawl Stone Soup version 0.23.2-40-g277498a001 (webtiles) character file.

Game seed: 16888379358438998364

106 Descartes the Sneak (level 4, -11/22 HPs)
             Began as a Vine Stalker Air Elementalist on Sept 15, 2019.
             Killed by nerve-wracking pain
             ... invoked by Grinder
              (14 damage)
             ... while paralysed by Grinder
             ... on level 3 of the Dungeon.
             The game lasted 00:06:48 (2799 turns).

Descartes the Sneak (Vine Stalker Air Elementalist) Turns: 2799, Time: 00:06:48

Health: -11/22     AC:  3    Str: 10    XL:     4   Next: 84%
Magic:  0/9        EV:  2    Int: 16    God:
Gold:   168        SH:  0    Dex: 15    Spells: 7/8 levels left

rFire    . . .     SeeInvis .   g - +0 short sword
rCold    . . .     Gourm    .   (no shield)
rNeg     . . .     Faith    .   a - +0 robe
rPois    .         Spirit   +   (no helmet)
rElec    .         Reflect  .   (no cloak)
rCorr    .         Harm     .   b - +0 pair of gloves
MR       .....                  (no boots)
Stlth    ++........             (no amulet)
HPRegen  0.47/turn              m - ring of flight
MPRegen  0.11/turn              (no ring)

@: paralysed
A: fangs 2, regeneration 1, magic shield, antimagic bite, no potion heal 3, rot
immunity
a: Evoke Flight


You were on level 3 of the Dungeon.
You were not hungry.

You visited 1 branch of the dungeon, and saw 3 of its levels.

You collected 168 gold pieces.

Inventory:

Hand Weapons
 g - a +0 short sword (weapon)
Missiles
 f - 105 stones (quivered)
Armour
 a - a +0 robe (worn)
 b - a +0 pair of gloves (worn)
 d - a +1 chain mail of cold resistance
Jewellery
 m - a ring of flight (left hand)
Scrolls
 k - a scroll of identify {unknown}
 l - a scroll of fog {unknown}
 n - 2 scrolls of teleportation {unknown}
 o - a scroll of remove curse {unknown}
 p - a scroll of amnesia {unknown}
 r - a scroll of random uselessness {unknown}
 s - a scroll of enchant weapon {unknown}
 t - a scroll of blinking {unknown}
Potions
 e - a potion of magic {unknown}
 i - a potion of haste {unknown}
 j - a potion of agility {unknown}
 q - a potion of curing {unknown}
Comestibles
 c - 2 rations


   Skills:
 + Level 1.2 Fighting
 + Level 0.5 Short Blades
 + Level 0.1 Armour
 + Level 1.9 Dodging
 * Level 3.3 Stealth
 + Level 1.3 Unarmed Combat
 + Level 2.6 Spellcasting
 + Level 1.6 Conjurations
 + Level 3.3 Air Magic


You had 7 spell levels left.
You knew the following spells:

 Your Spells              Type           Power        Failure   Level  Hunger
a - Shock                 Conj/Air       ##..         7%          1    #......

Your spell library contained the following spells:

 Spells                   Type           Power        Failure   Level  Hunger
 Swiftness                Chrm/Air       #.......     14%         2    ##.....
 Static Discharge         Conj/Air       ##......     21%         3    ###....
 Airstrike                Air            ##........   43%         4    #####..
 Lightning Bolt           Conj/Air       ##........   88%         5    ######.


Dungeon Overview and Level Annotations

Branches:
Dungeon (3/15)

Altars:

Annotations:
D:2 Sigmund
D:3 Grinder


Innate Abilities, Weirdness & Mutations

You have extremely sharp teeth.
Your natural rate of healing is unusually fast.
When hurt, damage is shared between your health and your magic reserves.
Your bite disrupts and absorbs the magic of your enemies.
Potions cannot restore your health.
You are immune to rotting.


Message History

Aim: Grinder, carrying a wand of random effects (20) (lightly wounded)
The zap hits Grinder but does no damage.
Grinder is lightly wounded.
Casting: Shock (safe; 7% risk of failure)
Confirm with . or Enter, or press ? or * to list all spells.
Aiming: Shock (safe; 7% risk of failure)
Press: ? - help, Shift-Dir - straight line, f/p - Grinder
Aim: Grinder, carrying a wand of random effects (20) (lightly wounded)
The zap hits Grinder.
Grinder is lightly wounded.
Grinder gestures at you.
You suddenly lose the ability to move!
Grinder hits you!
You writhe in agony.
Grinder hits you.
You writhe in agony.
* * * LOW HITPOINT WARNING * * *
Your magical contamination has completely faded away.
Grinder gestures at you. Pain shoots through your body!
Ouch! That really hurt!
You die...

. .. .. .. .#
########..#...
#.@5..........
#.#######.#...
#.# #.# #.#
#.# #.# #.#
#.#


You could see Grinder.

Vanquished Creatures
  A bullfrog zombie (D:2)
  2 adders (D:2)
  A worm (D:2)
  3 dart slugs
  2 leopard geckos (D:2)
  2 bats (D:2)
  4 giant cockroaches
  4 goblins
  2 hobgoblins
  6 jackals (D:1)
  3 frilled lizards
  11 kobolds
  6 rats (D:1)
47 creatures vanquished.

Notes
Turn   | Place    | Note
-------+----------+-------------------------------------------
     0 | D:1      | Descartes the Vine Stalker Air Elementalist began the quest
                  | for the Orb.
     0 | D:1      | Reached XP level 1. HP: 9/9 MP: 4/4
   476 | D:1      | Reached XP level 2. HP: 13/13 MP: 1/6
  1154 | D:1      | Reached XP level 3. HP: 17/17 MP: 4/7
  1484 | D:1      | Reached skill level 1 in Unarmed Combat
  1628 | D:2      | Reached skill level 1 in Fighting
  1849 | D:2      | Gained mutation: Your natural rate of healing is unusually
                  | fast. [Vine Stalker growth]
  1849 | D:2      | Reached XP level 4. HP: 22/22 MP: 2/8
  2475 | D:2      | Noticed Sigmund
  2777 | D:3      | Noticed Grinder
  2778 | D:3      | Paralysed by Grinder for 5 turns
  2793 | D:3      | Paralysed by Grinder for 7 turns
  2799 | D:3      | Killed from afar by Grinder

Skill      XL: |  1  2  3 |
---------------+----------+-----
Unarmed Combat | 1 |  1.3
Stealth        | 3 |  3.3
Fighting       | 1 |  1.2
Short Blades   | |  0.5
Armour         | |  0.1
Dodging        | |  1.9
Spellcasting   | |  2.6
Conjurations   | |  1.6
Air Magic      | |  3.3

Action                   |  1- 3 |  4- 6 || total
-------------------------+-------+-------++-------
Melee: Unarmed           |     3 |       ||     3
       Bite              |     1 |     3 ||     4
       Short sword       |     2 |    21 ||    23
 Cast: Shock             |    81 |    29 ||   110
  Eat: Chunk             |     3 |     4 ||     7
Armor: Robe              |     1 |     2 ||     3
Dodge: Dodged            |     9 |    12 ||    21
